Nashville Predators vs Pittsburgh Penguins
(R1)
Created - Friday, November 28, 2025 at 08:55
Goals
|
| Nashville Predators |
0 |
2 |
2 |
4 |
| Pittsburgh Penguins |
0 |
0 |
1 |
1 |
|
Shots
|
| Nashville Predators |
4 |
7 |
13 |
24 |
| Pittsburgh Penguins |
4 |
14 |
11 |
29 |
|
1st period
No Goal
Penalties :
No Penalty
2nd period
1. Nashville Predators , Pius Suter 3 (Alex Pietrangelo 1, John-Jason Peterka 3) at 1:03
2. Nashville Predators , Dmitri Voronkov 1 (Jack Roslovic 3, Jean-Gabriel Pageau 1) at 7:32 (PP)
Penalties :
Travis Sanheim (PIT) for Tripping (Minor) at 2:19, Mitchell Marner (PIT) for Delaying the game (Minor) at 6:04, Simon Benoit (NSH) for High sticking (Minor) at 12:46, Ryan O'Reilly (PIT) for Hooking (Minor) at 17:02
3rd period
3. Nashville Predators , Robby Fabbri 1 (Pius Suter 2, Dante Fabbro 1) at 5:35
4. Pittsburgh Penguins , Mitchell Marner 2 (Travis Sanheim 2) at 6:08
5. Nashville Predators , Jordan Spence 1 (Marco Kasper 2, Pius Suter 3) at 8:33 (PP)
Penalties :
Rasmus Andersson (NSH) for Interference (Minor) at 0:22, Leon Draisaitl (PIT) for Hooking (Minor) at 3:05, Rasmus Andersson (NSH) for Tripping (Minor) at 3:28, Yan Kuznetsov (PIT) for Roughing (Minor) at 7:44, Travis Sanheim (PIT) for Close Hand On Puck (Minor) at 13:15, Dmitri Voronkov (NSH) for High sticking (Minor) at 17:28, Brian Dumoulin (PIT) for Slashing (Minor) at 18:28
Goalie Stats
Anthony Stolarz (NSH), 28 saves from 29 shots - (0.966), W, 4-0-0, 60:00 minutes
John Gibson (PIT), 20 saves from 24 shots - (0.833), L, 0-4-0, 60:00 minutes
Players Stats for Nashville Predators
Player Name G A P +/- PIM S H SB GA TA FO MP PP MP PK MP
------------------------------------------------------------------------------------
Alex Pietrangelo 0 1 1 0 0 1 1 0 1 1 0/0 26:14 4:37 2:55
Brandon Montour 0 0 0 0 0 0 1 0 0 0 0/0 16:48 4:05 1:17
Dante Fabbro 0 1 1 1 0 0 2 1 0 1 0/0 15:23 0:00 3:01
Dmitri Voronkov 1 0 1 0 2 2 3 0 0 1 0/0 15:02 3:40 0:37
Eetu Luostarinen 0 0 0 0 0 1 0 0 1 1 0/1 19:01 0:20 2:42
Jack Roslovic 0 1 1 0 0 0 0 0 1 0 1/1 10:01 3:08 0:00
Jani Nyman 0 0 0 0 0 0 0 0 0 2 0/1 10:25 0:00 0:00
Jean-Gabriel Pageau 0 1 1 0 0 3 2 0 0 0 7/16 17:35 3:08 2:46
John-Jason Peterka 0 1 1 0 0 2 0 1 0 0 0/0 19:08 5:12 0:00
Jordan Spence 1 0 1 0 0 2 2 0 0 0 0/0 19:31 4:32 0:12
Marco Kasper 0 1 1 0 0 1 1 0 1 0 4/11 15:42 5:12 0:00
Pius Suter 1 2 3 1 0 3 1 0 0 2 10/24 23:46 5:44 2:08
Rasmus Andersson 0 0 0 1 4 1 0 0 1 2 0/0 22:43 5:03 1:44
Robby Fabbri 1 0 1 1 0 2 1 1 0 0 0/1 13:33 0:32 0:23
Ryan Hartman 0 0 0 0 0 1 0 0 0 0 0/1 7:11 0:00 0:00
Simon Benoit 0 0 0 1 2 0 0 0 0 2 0/0 18:36 0:00 1:33
Yegor Chinakhov 0 0 0 0 0 4 2 2 2 2 0/0 11:44 0:14 0:01
Yegor Sharangovich 0 0 0 0 0 1 0 0 0 1 0/0 9:37 0:17 2:05
Players Stats for Pittsburgh Penguins
Player Name G A P +/- PIM S H SB GA TA FO MP PP MP PK MP
------------------------------------------------------------------------------------
Blake Coleman 0 0 0 0 0 0 0 0 1 1 0/0 10:43 0:00 0:00
Brian Dumoulin 0 0 0 0 2 1 0 3 0 0 0/0 24:34 2:59 5:19
Carson Soucy 0 0 0 -1 0 1 1 2 1 1 0/0 22:19 3:00 5:44
Christian Dvorak 0 0 0 0 0 1 1 0 1 1 0/0 8:42 0:00 1:05
Erik Karlsson 0 0 0 -1 0 2 2 1 0 0 0/0 23:51 2:21 4:39
Gabriel Vilardi 0 0 0 0 0 0 1 0 0 1 0/1 15:07 2:34 0:00
Jordan Eberle 0 0 0 0 0 2 0 0 1 0 0/0 10:43 0:00 0:00
Kale Clague 0 0 0 1 0 1 0 2 0 1 0/0 15:28 0:00 0:50
Leon Draisaitl 0 0 0 -1 2 4 1 0 1 1 11/17 19:47 2:47 4:00
Mitchell Marner 1 0 1 0 2 2 1 0 1 0 4/9 20:18 2:24 3:58
Pavel Buchnevich 0 0 0 0 0 1 3 0 1 0 8/12 11:55 0:00 1:09
Phillip Danault 0 0 0 0 0 1 0 0 0 0 2/2 6:54 0:00 0:00
Ryan O'Reilly 0 0 0 -1 2 5 3 1 3 0 4/7 20:27 2:57 3:29
Sam Reinhart 0 0 0 -1 0 4 2 0 0 1 4/6 21:03 2:47 4:28
Tage Thompson 0 0 0 0 0 2 0 0 3 0 1/2 15:07 2:34 0:00
Travis Sanheim 0 1 1 -1 4 1 0 1 1 0 0/0 20:54 2:21 1:46
Yan Kuznetsov 0 0 0 0 2 1 1 0 0 0 0/0 12:56 0:00 0:00
Zemgus Girgensons 0 0 0 0 0 0 2 0 1 0 0/0 7:21 0:00 0:09
3 Stars
1 - Pius Suter (NSH)
2 - Anthony Stolarz (NSH)
3 - Robby Fabbri (NSH)
Power Play
Nashville Predators - 2 on 7 Attempt(s) - 28.57%
Pittsburgh Penguins - 0 on 4 Attempt(s) - 0.00%
Penalty Kill
Nashville Predators - 4 on 4 Attempt(s) - 100.00%
- Score 0 goal in Penalty Kill
Pittsburgh Penguins - 5 on 7 Attempt(s) - 71.43%
- Score 0 goal in Penalty Kill
Team Stat
Nashville Predators - Hits : 16 - Faceoff Wins : 22 - Blocked Shots : 5 - Penalty Minutes : 8
Pittsburgh Penguins - Hits : 18 - Faceoff Wins : 34 - Blocked Shots : 10 - Penalty Minutes : 14
Official
Referees : Brandon Blandina and Graham Skilliter
Linesman : CJ Murray and Travis Toomey
Game Notes
3:40 of 3rd period - Pittsburgh Penguins goal is going for a video replay. After video review, No Goal. The puck has been directed, batted or thrown into the net by an attacking player other than with a stick.
Finance
Level 1 -- Attendance: 5178 (86.30%) -- Ticket Income $517,800
Level 2 -- Attendance: 4731 (94.62%) -- Ticket Income $283,860
Level 3 -- Attendance: 2689 (89.63%) -- Ticket Income $94,115
Level 4 -- Attendance: 4268 (85.36%) -- Ticket Income $106,700
Luxury Box -- Attendance: 837 (83.70%) -- Ticket Income $167,400
Game was played at the Consol Energy Center.
Total Attendance: 17703 (88.52%)
Total Ticket Income: $1,169,875
Other Income: $409,456
Total Income: $1,579,331
Nashville Predators
5 vs 5 Forward
Center Left Wing Right Wing Time % Phy DF OF
1 Pius Suter Eetu Luostarinen John-Jason Peterka 35 0 1 4
2 Jean-Gabriel Pageau Dmitri Voronkov Jani Nyman 25 0 2 3
3 Marco Kasper Yegor Chinakhov Robby Fabbri 25 0 2 3
4 Jack Roslovic Yegor Sharangovich Ryan Hartman 15 0 2 3
5 vs 5 Defense
Defense Defense Time % Phy DF OF
1 Alex Pietrangelo Rasmus Andersson 40 1 2 2
2 Jordan Spence Simon Benoit 36 1 2 2
3 Brandon Montour Dante Fabbro 24 0 3 2
4 Dante Fabbro Brandon Montour 0 1 3 1
PowerPlay Forward
Center Left Wing Right Wing Time % Phy DF OF
1 Marco Kasper John-Jason Peterka Pius Suter 65 1 1 3
2 Jean-Gabriel Pageau Dmitri Voronkov Jack Roslovic 35 1 1 3
PowerPlay Defense
Defense Defense Time % Phy DF OF
1 Brandon Montour Alex Pietrangelo 50 1 1 3
2 Jordan Spence Rasmus Andersson 50 2 2 1
Penalty Kill 4 Players Forward
Center Wing Time % Phy DF OF
1 Jean-Gabriel Pageau Eetu Luostarinen 65 1 2 2
2 Pius Suter Robby Fabbri 35 1 2 2
Penalty Kill 4 Players Defense
Defense Defense Time % Phy DF OF
1 Alex Pietrangelo Rasmus Andersson 60 2 3 0
2 Simon Benoit Dante Fabbro 40 1 3 1
Penalty Kill - 3 Players Forward
Forward Time % Phy DF OF
1 Jean-Gabriel Pageau 50 1 2 2
2 Pius Suter 50 1 2 2
Penalty Kill - 3 Players Defense
Defense Defense Time % Phy DF OF
1 Alex Pietrangelo Rasmus Andersson 50 1 2 2
2 Simon Benoit Dante Fabbro 50 1 2 2
4 vs 4 Forward
Center Wing Time % Phy DF OF
1 Jean-Gabriel Pageau Eetu Luostarinen 50 1 2 2
2 Pius Suter Robby Fabbri 50 1 2 2
4 vs 4 Defense
Defense Defense Time % Phy DF OF
1 Rasmus Andersson Alex Pietrangelo 60 2 2 1
2 Dante Fabbro Simon Benoit 40 2 2 1
Last Minutes Offensive
Center Left Wing Right Wing Defense Defense
Jean-Gabriel Pageau Pius Suter John-Jason Peterka Dmitri Voronkov Brandon Montour
Last Minutes Defensive
Center Left Wing Right Wing Defense Defense
Jean-Gabriel Pageau Pius Suter Robby Fabbri Alex Pietrangelo Rasmus Andersson
Goaltenders
Starting : Anthony Stolarz
Backup : Samuel Ersson
Extra Forwards
Normal : Dmitri Voronkov, Pius Suter, Eetu Luostarinen - PP : Eetu Luostarinen, Jean-Gabriel Pageau - PK : Eetu Luostarinen
Extra Defensemen
Normal : Rasmus Andersson, Dante Fabbro, Simon Benoit - PP : Rasmus Andersson - PK : Dante Fabbro, Brandon Montour
Penalty Shots
Dmitri Voronkov, Jack Roslovic, John-Jason Peterka, Pius Suter, Yegor Chinakhov
Scratches
Evan Rodrigues (Healthy), Parker Wotherspoon (Healthy), Nick Perbix (Healthy), Thatcher Demko (Healthy), Mads Sogaard (Healthy)
Pittsburgh Penguins
5 vs 5 Forward
Center Left Wing Right Wing Time % Phy DF OF
1 Leon Draisaitl Sam Reinhart Mitchell Marner 30 1 2 2
2 Ryan O'Reilly Tage Thompson Gabriel Vilardi 30 1 2 2
3 Pavel Buchnevich Blake Coleman Jordan Eberle 25 1 2 2
4 Phillip Danault Christian Dvorak Zemgus Girgensons 15 1 2 2
5 vs 5 Defense
Defense Defense Time % Phy DF OF
1 Travis Sanheim Erik Karlsson 35 1 2 2
2 Brian Dumoulin Kale Clague 35 1 2 2
3 Carson Soucy Yan Kuznetsov 30 1 2 2
4 Travis Sanheim Erik Karlsson 0 1 2 2
PowerPlay Forward
Center Left Wing Right Wing Time % Phy DF OF
1 Leon Draisaitl Sam Reinhart Mitchell Marner 50 1 2 2
2 Ryan O'Reilly Tage Thompson Gabriel Vilardi 50 1 2 2
PowerPlay Defense
Defense Defense Time % Phy DF OF
1 Travis Sanheim Erik Karlsson 50 1 2 2
2 Brian Dumoulin Carson Soucy 50 1 2 2
Penalty Kill 4 Players Forward
Center Wing Time % Phy DF OF
1 Mitchell Marner Leon Draisaitl 50 1 2 2
2 Sam Reinhart Ryan O'Reilly 50 1 2 2
Penalty Kill 4 Players Defense
Defense Defense Time % Phy DF OF
1 Travis Sanheim Erik Karlsson 50 1 2 2
2 Brian Dumoulin Carson Soucy 50 1 2 2
Penalty Kill - 3 Players Forward
Forward Time % Phy DF OF
1 Mitchell Marner 50 1 2 2
2 Leon Draisaitl 50 1 2 2
Penalty Kill - 3 Players Defense
Defense Defense Time % Phy DF OF
1 Travis Sanheim Erik Karlsson 50 1 2 2
2 Brian Dumoulin Carson Soucy 50 1 2 2
4 vs 4 Forward
Center Wing Time % Phy DF OF
1 Mitchell Marner Leon Draisaitl 50 1 2 2
2 Sam Reinhart Ryan O'Reilly 50 1 2 2
4 vs 4 Defense
Defense Defense Time % Phy DF OF
1 Travis Sanheim Erik Karlsson 50 1 2 2
2 Brian Dumoulin Carson Soucy 50 1 2 2
Last Minutes Offensive
Center Left Wing Right Wing Defense Defense
Leon Draisaitl Sam Reinhart Mitchell Marner Travis Sanheim Erik Karlsson
Last Minutes Defensive
Center Left Wing Right Wing Defense Defense
Leon Draisaitl Sam Reinhart Mitchell Marner Travis Sanheim Erik Karlsson
Goaltenders
Starting : John Gibson
Backup : Jordan Binnington
Extra Forwards
Normal : Christian Dvorak, Zemgus Girgensons, Leon Draisaitl - PP : Christian Dvorak, Zemgus Girgensons - PK : Mitchell Marner
Extra Defensemen
Normal : Carson Soucy, Erik Karlsson, Brian Dumoulin - PP : Carson Soucy - PK : Travis Sanheim, Brian Dumoulin
Penalty Shots
Mitchell Marner, Leon Draisaitl, Sam Reinhart, Ryan O'Reilly, Tage Thompson
Scratches
Erik Gudbranson (Healthy), Jack Finley (Healthy), Mattias Ekholm (Healthy), Justin Kirkland (Healthy), Michael DiPietro (Healthy)
% Time on Ice - Nashville Predators
Lines # - Real PCT - Wanted PCT - Time Play
Normal Forward
1 - 33% - 35% - 14:17
2 - 24% - 25% - 10:26
3 - 26% - 25% - 10:57
4 - 17% - 15% - 7:15
Normal Defense
1 - 40% - 40% - 17:06
2 - 35% - 36% - 15:00
3 - 23% - 24% - 9:55
4 - 2% - 0% - 0:54
PP Forward
1 - 60% - 65% - 5:29
2 - 40% - 35% - 3:40
PP Defense
1 - 50% - 50% - 4:37
2 - 50% - 50% - 4:32
PK Forward
1 - 93% - 65% - 4:58
2 - 7% - 35% - 0:23
PK Defense
1 - 55% - 60% - 2:55
2 - 45% - 40% - 2:26
PK3 Forward
1 - 0% - 50%
2 - 0% - 50%
PK3 Defense
1 - 0% - 50%
2 - 0% - 50%
44 Forward
1 - 49% - 50% - 1:16
2 - 51% - 50% - 1:19
44 Defense
1 - 79% - 60% - 2:02
2 - 21% - 40% - 0:33
Last Minute Offensive - 0:00
Last Minute Defensive - 0:00
Total
Forward - 60:00
Defense - 60:00
|
% Time on Ice - Pittsburgh Penguins
Lines # - Real PCT - Wanted PCT - Time Play
Normal Forward
1 - 29% - 30% - 12:27
2 - 30% - 30% - 12:51
3 - 25% - 25% - 10:43
4 - 16% - 15% - 6:54
Normal Defense
1 - 35% - 35% - 15:11
2 - 34% - 35% - 14:47
3 - 30% - 30% - 12:57
4 - 0% - 0% - 0:00
PP Forward
1 - 45% - 50% - 2:24
2 - 55% - 50% - 2:57
PP Defense
1 - 44% - 50% - 2:21
2 - 56% - 50% - 3:00
PK Forward
1 - 47% - 50% - 4:20
2 - 53% - 50% - 4:49
PK Defense
1 - 50% - 50% - 4:32
2 - 50% - 50% - 4:37
PK3 Forward
1 - 0% - 50%
2 - 0% - 50%
PK3 Defense
1 - 0% - 50%
2 - 0% - 50%
44 Forward
1 - 54% - 50% - 1:24
2 - 46% - 50% - 1:11
44 Defense
1 - 70% - 50% - 1:48
2 - 30% - 50% - 0:47
Last Minute Offensive - 0:00
Last Minute Defensive - 0:00
Total
Forward - 60:00
Defense - 60:00
|
Play-by-Play
1st period
0:01 of 1st period - Leon Draisaitl wins face-off versus Pius Suter in neutral zone.
1:18 of 1st period - Wrist shot by Yegor Chinakhov.
1:18 of 1st period - Stopped by John Gibson with a rebound.
1:30 of 1st period - Wrist shot by Leon Draisaitl.
1:30 of 1st period - Stopped by Anthony Stolarz with a rebound.
1:38 of 1st period - Slapshot by Jack Roslovic.
1:38 of 1st period - Deflect By Ryan Hartman.
1:38 of 1st period - Stopped by John Gibson without a rebound.
1:39 of 1st period - Jean-Gabriel Pageau wins face-off versus Gabriel Vilardi in Pittsburgh Penguins zone.
1:50 of 1st period - Wrist shot by Jani Nyman.
1:50 of 1st period - Shot Blocked by Ryan O'Reilly.
1:52 of 1st period - Snap shot by Dmitri Voronkov.
1:52 of 1st period - Shot Blocked by Kale Clague.
2:25 of 1st period - Off-side.
2:26 of 1st period - Jack Roslovic wins face-off versus Leon Draisaitl in neutral zone.
2:55 of 1st period - Wrist shot by Pius Suter.
2:55 of 1st period - Shot Blocked by Travis Sanheim.
3:03 of 1st period - Snap shot by Gabriel Vilardi.
3:03 of 1st period - Shot Misses the Net.
4:26 of 1st period - Slapshot by John-Jason Peterka.
4:26 of 1st period - Shot Misses the Net.
4:28 of 1st period - Snap shot by Pius Suter.
4:28 of 1st period - Deflect By John-Jason Peterka.
4:28 of 1st period - Deflect By Carson Soucy.
4:28 of 1st period - Shot Misses the Net.
4:28 of 1st period - Puck is out of play.
4:29 of 1st period - Jean-Gabriel Pageau wins face-off versus Pavel Buchnevich in Pittsburgh Penguins zone.
5:22 of 1st period - Snap shot by Mitchell Marner.
5:22 of 1st period - Shot Misses the Net.
5:24 of 1st period - Slapshot by Sam Reinhart.
5:24 of 1st period - Shot Blocked by Robby Fabbri.
5:26 of 1st period - Slapshot by Sam Reinhart.
5:26 of 1st period - Deflect By Leon Draisaitl.
5:26 of 1st period - Stopped by Anthony Stolarz without a rebound.
5:27 of 1st period - Phillip Danault wins face-off versus Pius Suter in Nashville Predators zone.
5:28 of 1st period - Snap shot by Christian Dvorak.
5:28 of 1st period - Stopped by Anthony Stolarz with a rebound.
5:54 of 1st period - Jean-Gabriel Pageau is hit by Leon Draisaitl and loses puck.
6:18 of 1st period - Icing by Carson Soucy.
6:19 of 1st period - Marco Kasper wins face-off versus Tage Thompson in Pittsburgh Penguins zone.
7:05 of 1st period - Slapshot by Yegor Chinakhov.
7:05 of 1st period - Stopped by John Gibson with a rebound.
7:07 of 1st period - Snap shot by Marco Kasper.
7:07 of 1st period - Shot Misses the Net.
7:09 of 1st period - Slapshot by Simon Benoit.
7:09 of 1st period - Shot Blocked by Brian Dumoulin.
7:11 of 1st period - Slapshot by Simon Benoit.
7:11 of 1st period - Shot Blocked by Brian Dumoulin.
8:22 of 1st period - Snap shot by Gabriel Vilardi.
8:22 of 1st period - Shot Blocked by Yegor Chinakhov.
8:40 of 1st period - Slapshot by Ryan O'Reilly.
8:40 of 1st period - Stopped by Anthony Stolarz with a rebound.
9:16 of 1st period - Wrist shot by Marco Kasper.
9:16 of 1st period - Shot Misses the Net.
9:18 of 1st period - Snap shot by Yegor Chinakhov.
9:18 of 1st period - Stopped by John Gibson without a rebound.
9:19 of 1st period - Pavel Buchnevich wins face-off versus Pius Suter in Pittsburgh Penguins zone.
9:24 of 1st period - Blake Coleman is hit by Alex Pietrangelo.
9:32 of 1st period - Snap shot by Pavel Buchnevich.
9:32 of 1st period - Deflect By Pius Suter.
9:32 of 1st period - Shot Misses the Net.
9:32 of 1st period - Puck is out of play.
9:33 of 1st period - Pius Suter wins face-off versus Leon Draisaitl in Nashville Predators zone.
9:42 of 1st period - Wrist shot by John-Jason Peterka.
9:42 of 1st period - Shot Misses the Net.
10:10 of 1st period - Snap shot by Blake Coleman.
10:10 of 1st period - Shot Misses the Net.
10:30 of 1st period - Snap shot by Christian Dvorak.
10:30 of 1st period - Shot Misses the Net.
11:23 of 1st period - Eetu Luostarinen is hit by Pavel Buchnevich and loses puck.
14:50 of 1st period - Jack Roslovic is hit by Zemgus Girgensons and loses puck.
16:33 of 1st period - Brian Dumoulin is hit by Dante Fabbro and loses puck.
18:03 of 1st period - John-Jason Peterka is hit by Zemgus Girgensons and loses puck.
18:28 of 1st period - Ryan Hartman is hit by Yan Kuznetsov and loses puck.
18:50 of 1st period - Sam Reinhart is hit by Dmitri Voronkov and loses puck.
19:11 of 1st period - Phillip Danault is hit by Yegor Chinakhov and loses puck.
Goals for this period are 0 for Nashville Predators vs 0 for Pittsburgh Penguins.
Shots for this period are 4 for Nashville Predators vs 4 for Pittsburgh Penguins.
2nd period
0:01 of 2nd period - Leon Draisaitl wins face-off versus Pius Suter in neutral zone.
0:08 of 2nd period - Snap shot by Eetu Luostarinen.
0:08 of 2nd period - Stopped by John Gibson without a rebound.
0:09 of 2nd period - Leon Draisaitl wins face-off versus Pius Suter in Pittsburgh Penguins zone.
0:48 of 2nd period - John-Jason Peterka is hit by Mitchell Marner and loses puck.
0:59 of 2nd period - Slapshot by John-Jason Peterka.
0:59 of 2nd period - Shot Misses the Net.
1:01 of 2nd period - Slapshot by Alex Pietrangelo.
1:01 of 2nd period - Shot Misses the Net.
1:03 of 2nd period - Backhand shot by Alex Pietrangelo.
1:03 of 2nd period - Deflect By Pius Suter.
1:03 of 2nd period - Goal by Pius Suter - Nashville Predators : 1 - Pittsburgh Penguins : 0.
1:04 of 2nd period - Pavel Buchnevich wins face-off versus Jean-Gabriel Pageau in neutral zone.
1:07 of 2nd period - Wrist shot by Jordan Eberle.
1:07 of 2nd period - Stopped by Anthony Stolarz without a rebound.
1:08 of 2nd period - Jean-Gabriel Pageau wins face-off versus Pavel Buchnevich in Nashville Predators zone.
1:08 of 2nd period - Jean-Gabriel Pageau is hit by Pavel Buchnevich.
1:16 of 2nd period - Backhand shot by Jean-Gabriel Pageau.
1:16 of 2nd period - Stopped by John Gibson without a rebound.
1:17 of 2nd period - Pius Suter wins face-off versus Pavel Buchnevich in Pittsburgh Penguins zone.
1:42 of 2nd period - Kale Clague is hit by Jean-Gabriel Pageau.
1:50 of 2nd period - Slapshot by Mitchell Marner.
1:50 of 2nd period - Shot Misses the Net.
2:12 of 2nd period - Slapshot by Ryan O'Reilly.
2:12 of 2nd period - Stopped by Anthony Stolarz without a rebound.
2:13 of 2nd period - Pius Suter wins face-off versus Pavel Buchnevich in Nashville Predators zone.
2:19 of 2nd period - Minor Penalty to Travis Sanheim for Tripping.
2:20 of 2nd period - Mitchell Marner wins face-off versus Marco Kasper in Pittsburgh Penguins zone.
3:04 of 2nd period - Alex Pietrangelo is hit by Carson Soucy and loses puck.
3:17 of 2nd period - Jean-Gabriel Pageau is hit by Ryan O'Reilly and loses puck.
4:08 of 2nd period - Leon Draisaitl is hit by Brandon Montour and loses puck.
4:19 of 2nd period - Penalty to Travis Sanheim is over, Travis Sanheim is back on ice.
4:40 of 2nd period - Christian Dvorak is hit by Jordan Spence and loses puck.
4:57 of 2nd period - Simon Benoit is hit by Gabriel Vilardi and loses puck.
5:55 of 2nd period - Dmitri Voronkov is hit by Sam Reinhart.
5:59 of 2nd period - Slapshot by Alex Pietrangelo.
5:59 of 2nd period - Stopped by John Gibson without a rebound.
6:00 of 2nd period - Pius Suter wins face-off versus Mitchell Marner in Pittsburgh Penguins zone.
6:04 of 2nd period - Minor Penalty to Mitchell Marner for Delaying the game.
6:05 of 2nd period - Sam Reinhart wins face-off versus Marco Kasper in Pittsburgh Penguins zone.
6:31 of 2nd period - Brian Dumoulin is hit by Jean-Gabriel Pageau and loses puck.
7:04 of 2nd period - Brandon Montour is hit by Christian Dvorak and loses puck.
7:32 of 2nd period - Slapshot by Dmitri Voronkov.
7:32 of 2nd period - Goal by Dmitri Voronkov - Nashville Predators : 2 - Pittsburgh Penguins : 0.
7:33 of 2nd period - Jean-Gabriel Pageau wins face-off versus Ryan O'Reilly in neutral zone.
8:20 of 2nd period - Eetu Luostarinen is hit by Sam Reinhart and loses puck.
9:13 of 2nd period - Backhand shot by Phillip Danault.
9:13 of 2nd period - Stopped by Anthony Stolarz without a rebound.
9:14 of 2nd period - Phillip Danault wins face-off versus Ryan Hartman in Nashville Predators zone.
9:43 of 2nd period - Snap shot by Jack Roslovic.
9:43 of 2nd period - Shot Misses the Net.
10:03 of 2nd period - Wrist shot by Ryan O'Reilly.
10:03 of 2nd period - Stopped by Anthony Stolarz without a rebound.
10:04 of 2nd period - Ryan O'Reilly wins face-off versus Jani Nyman in Nashville Predators zone.
10:34 of 2nd period - Snap shot by Eetu Luostarinen.
10:34 of 2nd period - Shot Blocked by Erik Karlsson.
10:52 of 2nd period - Wrist shot by Marco Kasper.
10:52 of 2nd period - Shot Misses the Net.
10:54 of 2nd period - Snap shot by Marco Kasper.
10:54 of 2nd period - Stopped by John Gibson without a rebound.
10:55 of 2nd period - Ryan O'Reilly wins face-off versus Robby Fabbri in Pittsburgh Penguins zone.
11:05 of 2nd period - Icing by Carson Soucy.
11:06 of 2nd period - Ryan O'Reilly wins face-off versus Pius Suter in Pittsburgh Penguins zone.
11:06 of 2nd period - Ryan O'Reilly is hit by Pius Suter.
11:12 of 2nd period - Snap shot by Gabriel Vilardi.
11:12 of 2nd period - Shot Misses the Net.
11:33 of 2nd period - Wrist shot by Ryan O'Reilly.
11:33 of 2nd period - Stopped by Anthony Stolarz with a rebound.
11:35 of 2nd period - Wrist shot by Carson Soucy.
11:35 of 2nd period - Stopped by Anthony Stolarz with a rebound.
11:37 of 2nd period - Slapshot by Yan Kuznetsov.
11:37 of 2nd period - Stopped by Anthony Stolarz with a rebound.
11:39 of 2nd period - Slapshot by Yan Kuznetsov.
11:39 of 2nd period - Shot Misses the Net.
11:53 of 2nd period - Snap shot by Gabriel Vilardi.
11:53 of 2nd period - Shot Misses the Net.
11:55 of 2nd period - Snap shot by Ryan O'Reilly.
11:55 of 2nd period - Shot Blocked by Yegor Chinakhov.
11:57 of 2nd period - Slapshot by Tage Thompson.
11:57 of 2nd period - Stopped by Anthony Stolarz without a rebound.
11:58 of 2nd period - Leon Draisaitl wins face-off versus Pius Suter in Nashville Predators zone.
12:07 of 2nd period - Wrist shot by Leon Draisaitl.
12:07 of 2nd period - Deflect By Mitchell Marner.
12:07 of 2nd period - Shot Hit the Post.
12:07 of 2nd period - Puck is out of play.
12:08 of 2nd period - Leon Draisaitl wins face-off versus Pius Suter in Nashville Predators zone.
12:15 of 2nd period - Slapshot by Leon Draisaitl.
12:15 of 2nd period - Stopped by Anthony Stolarz with a rebound.
12:17 of 2nd period - Slapshot by Brian Dumoulin.
12:17 of 2nd period - Deflect By Sam Reinhart.
12:17 of 2nd period - Stopped by Anthony Stolarz with a rebound.
12:19 of 2nd period - Snap shot by Leon Draisaitl.
12:19 of 2nd period - Shot Blocked by John-Jason Peterka.
12:25 of 2nd period - Wrist shot by Mitchell Marner.
12:25 of 2nd period - Stopped by Anthony Stolarz with a rebound.
12:27 of 2nd period - Slapshot by Kale Clague.
12:27 of 2nd period - Stopped by Anthony Stolarz with a rebound.
12:46 of 2nd period - Minor Penalty to Simon Benoit for High sticking.
12:47 of 2nd period - Jean-Gabriel Pageau wins face-off versus Ryan O'Reilly in Nashville Predators zone.
14:46 of 2nd period - Penalty to Simon Benoit is over, Simon Benoit is back on ice.
14:53 of 2nd period - Wrist shot by Yegor Chinakhov.
14:53 of 2nd period - Deflect By Simon Benoit.
14:53 of 2nd period - Shot Misses the Net.
14:53 of 2nd period - Puck is out of play.
14:54 of 2nd period - Pavel Buchnevich wins face-off versus Marco Kasper in Pittsburgh Penguins zone.
15:21 of 2nd period - Christian Dvorak is hit by Jordan Spence and loses puck.
15:48 of 2nd period - Wrist shot by Jean-Gabriel Pageau.
15:48 of 2nd period - Stopped by John Gibson with a rebound.
15:50 of 2nd period - Slapshot by Jordan Spence.
15:50 of 2nd period - Shot Blocked by Brian Dumoulin.
16:36 of 2nd period - Wrist shot by Jordan Eberle.
16:36 of 2nd period - Stopped by Anthony Stolarz without a rebound.
16:37 of 2nd period - Ryan O'Reilly wins face-off versus Eetu Luostarinen in Nashville Predators zone.
16:40 of 2nd period - Wrist shot by Tage Thompson.
16:40 of 2nd period - Stopped by Anthony Stolarz without a rebound.
16:41 of 2nd period - Tage Thompson wins face-off versus Pius Suter in Nashville Predators zone.
16:42 of 2nd period - Slapshot by Ryan O'Reilly.
16:42 of 2nd period - Shot Misses the Net.
17:02 of 2nd period - Minor Penalty to Ryan O'Reilly for Hooking.
17:03 of 2nd period - Sam Reinhart wins face-off versus Marco Kasper in Pittsburgh Penguins zone.
19:02 of 2nd period - Penalty to Ryan O'Reilly is over, Ryan O'Reilly is back on ice.
Goals for this period are 2 for Nashville Predators vs 0 for Pittsburgh Penguins.
Shots for this period are 7 for Nashville Predators vs 14 for Pittsburgh Penguins.
3rd period
0:01 of 3rd period - Leon Draisaitl wins face-off versus Pius Suter in neutral zone.
0:10 of 3rd period - Snap shot by Mitchell Marner.
0:10 of 3rd period - Shot Misses the Net.
0:12 of 3rd period - Slapshot by Travis Sanheim.
0:12 of 3rd period - Shot Misses the Net.
0:14 of 3rd period - Slapshot by Erik Karlsson.
0:14 of 3rd period - Deflect By Pius Suter.
0:14 of 3rd period - Stopped by Anthony Stolarz with a rebound.
0:16 of 3rd period - Snap shot by Sam Reinhart.
0:16 of 3rd period - Stopped by Anthony Stolarz with a rebound.
0:22 of 3rd period - Minor Penalty to Rasmus Andersson for Interference.
0:23 of 3rd period - Jean-Gabriel Pageau wins face-off versus Leon Draisaitl in Nashville Predators zone.
1:12 of 3rd period - Icing by Mitchell Marner.
1:13 of 3rd period - Leon Draisaitl wins face-off versus Jean-Gabriel Pageau in Pittsburgh Penguins zone.
2:22 of 3rd period - Penalty to Rasmus Andersson is over, Rasmus Andersson is back on ice.
2:32 of 3rd period - Off-side.
2:33 of 3rd period - Pavel Buchnevich wins face-off versus Marco Kasper in neutral zone.
2:46 of 3rd period - Icing by Simon Benoit.
2:47 of 3rd period - Leon Draisaitl wins face-off versus Marco Kasper in Nashville Predators zone.
3:00 of 3rd period - Snap shot by Yegor Chinakhov.
3:00 of 3rd period - Deflect By Leon Draisaitl.
3:00 of 3rd period - Stopped by John Gibson without a rebound.
3:01 of 3rd period - Pius Suter wins face-off versus Leon Draisaitl in Pittsburgh Penguins zone.
3:05 of 3rd period - Minor Penalty to Leon Draisaitl for Hooking.
3:06 of 3rd period - Mitchell Marner wins face-off versus Marco Kasper in Pittsburgh Penguins zone.
3:28 of 3rd period - Minor Penalty to Rasmus Andersson for Tripping.
3:29 of 3rd period - Mitchell Marner wins face-off versus Jean-Gabriel Pageau in Nashville Predators zone.
3:36 of 3rd period - Wrist shot by Erik Karlsson.
3:36 of 3rd period - Stopped by Anthony Stolarz with a rebound.
3:38 of 3rd period - Slapshot by Christian Dvorak.
3:38 of 3rd period - Shot Misses the Net.
3:40 of 3rd period - Slapshot by Travis Sanheim.
3:40 of 3rd period - Pittsburgh Penguins goal is going for a video replay.
3:40 of 3rd period - The goal is refused. The puck has been directed, batted or thrown into the net by an attacking player other than with a stick..
3:41 of 3rd period - Sam Reinhart wins face-off versus Pius Suter in Nashville Predators zone.
3:52 of 3rd period - Snap shot by Ryan O'Reilly.
3:52 of 3rd period - Stopped by Anthony Stolarz without a rebound.
3:53 of 3rd period - Mitchell Marner wins face-off versus Jean-Gabriel Pageau in Nashville Predators zone.
4:20 of 3rd period - Sam Reinhart is hit by Robby Fabbri and loses puck.
4:31 of 3rd period - Wrist shot by Sam Reinhart.
4:31 of 3rd period - Stopped by Anthony Stolarz with a rebound.
4:47 of 3rd period - Slapshot by Brian Dumoulin.
4:47 of 3rd period - Stopped by Anthony Stolarz without a rebound.
4:48 of 3rd period - Jean-Gabriel Pageau wins face-off versus Mitchell Marner in Nashville Predators zone.
5:05 of 3rd period - Penalty to Leon Draisaitl is over, Leon Draisaitl is back on ice.
5:07 of 3rd period - Robby Fabbri is hit by Ryan O'Reilly and loses puck.
5:14 of 3rd period - Wrist shot by Leon Draisaitl.
5:14 of 3rd period - Stopped by Anthony Stolarz with a rebound.
5:16 of 3rd period - Slapshot by Brian Dumoulin.
5:16 of 3rd period - Shot Blocked by Dante Fabbro.
5:28 of 3rd period - Penalty to Rasmus Andersson is over, Rasmus Andersson is back on ice.
5:35 of 3rd period - Snap shot by Robby Fabbri.
5:35 of 3rd period - Goal by Robby Fabbri - Nashville Predators : 3 - Pittsburgh Penguins : 0.
5:36 of 3rd period - Pavel Buchnevich wins face-off versus Jean-Gabriel Pageau in neutral zone.
5:51 of 3rd period - Wrist shot by Jean-Gabriel Pageau.
5:51 of 3rd period - Stopped by John Gibson with a rebound.
6:03 of 3rd period - Pius Suter is hit by Erik Karlsson and loses puck.
6:08 of 3rd period - Snap shot by Mitchell Marner.
6:08 of 3rd period - Goal by Mitchell Marner - Nashville Predators : 3 - Pittsburgh Penguins : 1.
6:09 of 3rd period - Pius Suter wins face-off versus Leon Draisaitl in neutral zone.
6:17 of 3rd period - Off-side.
6:18 of 3rd period - Pius Suter wins face-off versus Sam Reinhart in neutral zone.
6:21 of 3rd period - Snap shot by Rasmus Andersson.
6:21 of 3rd period - Stopped by John Gibson with a rebound.
6:59 of 3rd period - Wrist shot by John-Jason Peterka.
6:59 of 3rd period - Stopped by John Gibson without a rebound.
7:00 of 3rd period - Pavel Buchnevich wins face-off versus Jean-Gabriel Pageau in Pittsburgh Penguins zone.
7:30 of 3rd period - Snap shot by Tage Thompson.
7:30 of 3rd period - Shot Misses the Net.
7:44 of 3rd period - Minor Penalty to Yan Kuznetsov for Roughing.
7:45 of 3rd period - Marco Kasper wins face-off versus Mitchell Marner in Pittsburgh Penguins zone.
7:46 of 3rd period - Snap shot by John-Jason Peterka.
7:46 of 3rd period - Stopped by John Gibson without a rebound.
7:47 of 3rd period - Marco Kasper wins face-off versus Mitchell Marner in Pittsburgh Penguins zone.
7:50 of 3rd period - Snap shot by John-Jason Peterka.
7:50 of 3rd period - Shot Blocked by Carson Soucy.
8:21 of 3rd period - Slapshot by Pius Suter.
8:21 of 3rd period - Stopped by John Gibson with a rebound.
8:25 of 3rd period - Wrist shot by John-Jason Peterka.
8:25 of 3rd period - Shot Blocked by Carson Soucy.
8:27 of 3rd period - Snap shot by Jordan Spence.
8:27 of 3rd period - Stopped by John Gibson with a rebound.
8:29 of 3rd period - Wrist shot by Pius Suter.
8:29 of 3rd period - Shot Misses the Net.
8:31 of 3rd period - Wrist shot by Marco Kasper.
8:31 of 3rd period - Shot Misses the Net.
8:33 of 3rd period - Slapshot by Jordan Spence.
8:33 of 3rd period - Goal by Jordan Spence - Nashville Predators : 4 - Pittsburgh Penguins : 1.
8:34 of 3rd period - Leon Draisaitl wins face-off versus Jean-Gabriel Pageau in neutral zone.
8:49 of 3rd period - Snap shot by Sam Reinhart.
8:49 of 3rd period - Stopped by Anthony Stolarz without a rebound.
8:50 of 3rd period - Pavel Buchnevich wins face-off versus Pius Suter in Nashville Predators zone.
9:17 of 3rd period - Yan Kuznetsov is hit by Dmitri Voronkov and loses puck.
9:42 of 3rd period - Mitchell Marner is hit by Marco Kasper and loses puck.
10:13 of 3rd period - Wrist shot by Jack Roslovic.
10:13 of 3rd period - Deflect By Yegor Sharangovich.
10:13 of 3rd period - Stopped by John Gibson with a rebound.
10:23 of 3rd period - Christian Dvorak is hit by Dante Fabbro and loses puck.
10:30 of 3rd period - Slapshot by John-Jason Peterka.
10:30 of 3rd period - Shot Misses the Net.
10:32 of 3rd period - Snap shot by Pius Suter.
10:32 of 3rd period - Shot Blocked by Kale Clague.
10:44 of 3rd period - Wrist shot by Dmitri Voronkov.
10:44 of 3rd period - Stopped by John Gibson without a rebound.
10:45 of 3rd period - Pavel Buchnevich wins face-off versus Jean-Gabriel Pageau in Pittsburgh Penguins zone.
10:45 of 3rd period - Pavel Buchnevich is hit by Dmitri Voronkov.
10:55 of 3rd period - Wrist shot by Travis Sanheim.
10:55 of 3rd period - Shot Misses the Net.
11:01 of 3rd period - Slapshot by Dmitri Voronkov.
11:01 of 3rd period - Shot Misses the Net.
11:17 of 3rd period - Wrist shot by Pavel Buchnevich.
11:17 of 3rd period - Stopped by Anthony Stolarz without a rebound.
11:18 of 3rd period - Pius Suter wins face-off versus Ryan O'Reilly in Nashville Predators zone.
12:27 of 3rd period - Jean-Gabriel Pageau is hit by Pavel Buchnevich and loses puck.
12:49 of 3rd period - Slapshot by Ryan O'Reilly.
12:49 of 3rd period - Shot Misses the Net.
13:15 of 3rd period - Minor Penalty to Travis Sanheim for Close Hand On Puck.
13:16 of 3rd period - Marco Kasper wins face-off versus Mitchell Marner in Pittsburgh Penguins zone.
13:19 of 3rd period - Snap shot by Marco Kasper.
13:19 of 3rd period - Shot Hit the Post.
15:15 of 3rd period - Penalty to Travis Sanheim is over, Travis Sanheim is back on ice.
16:08 of 3rd period - Alex Pietrangelo is hit by Ryan O'Reilly and loses puck.
16:28 of 3rd period - Icing by Pius Suter.
16:29 of 3rd period - Leon Draisaitl wins face-off versus Pius Suter in Nashville Predators zone.
16:54 of 3rd period - Carson Soucy is hit by Yegor Chinakhov.
17:28 of 3rd period - Minor Penalty to Dmitri Voronkov for High sticking.
17:29 of 3rd period - Leon Draisaitl wins face-off versus Jean-Gabriel Pageau in Nashville Predators zone.
18:28 of 3rd period - Minor Penalty to Brian Dumoulin for Slashing.
18:29 of 3rd period - Pius Suter wins face-off versus Leon Draisaitl in Pittsburgh Penguins zone.
18:50 of 3rd period - Alex Pietrangelo is hit by Erik Karlsson and loses puck.
19:10 of 3rd period - Icing by Erik Karlsson.
19:11 of 3rd period - Pius Suter wins face-off versus Sam Reinhart in Pittsburgh Penguins zone.
19:22 of 3rd period - Wrist shot by Pius Suter.
19:22 of 3rd period - Stopped by John Gibson without a rebound.
19:23 of 3rd period - Sam Reinhart wins face-off versus Pius Suter in Pittsburgh Penguins zone.
19:28 of 3rd period - Penalty to Dmitri Voronkov is over, Dmitri Voronkov is back on ice.
19:28 of 3rd period - Snap shot by Robby Fabbri.
19:28 of 3rd period - Shot Misses the Net.
19:42 of 3rd period - Snap shot by Robby Fabbri.
19:42 of 3rd period - Stopped by John Gibson with a rebound.
Goals for this period are 2 for Nashville Predators vs 1 for Pittsburgh Penguins.
Shots for this period are 13 for Nashville Predators vs 11 for Pittsburgh Penguins.
Back to the Top